 Dungeon Crawl Stone Soup version 0.30-a0-359-gd0147acb1a (webtiles) character file.

Game seed: 12993812829719273746

666127 Gismaildir the Invulnerable (level 27, -10/243 HPs)
             Began as a Minotaur Fighter on Nov 12, 2022.
             Was the Champion of Okawaru.
             Killed from afar by an orb of fire (53 damage)
             ... with a fireball
             ... on level 5 of the Realm of Zot.
             The game lasted 02:15:34 (63811 turns).

Gismaildir the Invulnerable (Minotaur Fighter)     Turns: 63811, Time: 02:15:34

Health: -10/243    AC: 53    Str: 34    XL:     27
Magic:  26/26      EV: 20    Int:  3    God:    Okawaru [******]
Gold:   6171       SH: 13    Dex: 10    Spells: 26/26 levels left

rFire   . . .      SeeInvis +    w - +8 broad axe (vorpal)
rCold   . . .      Faith    .    R - +3 buckler {AC+3}
rNeg    + . .      Spirit   .    O - +10 pearl dragon scales
rPois   .          Reflect  .    (helmet restricted)
rElec   .          Harm     .    i - +2 cloak
rCorr   .          Rampage  .    U - +2 pair of gloves {infuse}
Will    ++...                    X - +2 pair of boots of Yesterday {Regen+ Int-3 Slay+5 SInv}
Stlth   ..........               r - amulet of regeneration
HPRegen 2.20/turn                t - +4 ring of slaying
MPRegen 0.20/turn                s - +4 ring of protection

@: studying 2 skills
A: horns 2, retaliatory headbutt, iridescent scales 1, clumsy 1, frail 1, low MP
1, strong 1
}: 4/15 runes: serpentine, barnacled, slimy, silver
a: Renounce Religion, Heroism, Finesse, Duel


You were on level 5 of the Realm of Zot.
You worshipped Okawaru.
Okawaru was exalted by your worship.
You visited 12 branches of the dungeon, and saw 56 of its levels.
You visited the Abyss 3 times.
You also visited: Ice Cave.

You collected 10874 gold pieces.
You spent 4703 gold pieces at shops.

Inventory:

Hand Weapons
 a - a +2 broad axe of electrocution
 w - a +8 vorpal broad axe (weapon)
Armour
 c - the +0 pair of gloves of the Last Xeniums {rElec}
   (Okawaru gifted it to you on level 14 of the Dungeon)

   rElec:     It insulates you from electricity.
 i - a +2 cloak (worn)
 j - the +7 plate armour of the Orb {+Inv rPois rC+ Regen+}
   (Okawaru gifted it to you on level 4 of the Depths)

   rC:        It protects you from cold.
   rPois:     It protects you from poison.
   +Inv:      It lets you turn invisible.
   Regen:     It increases your rate of health regeneration.
 G - the +4 Cigotuvi's embrace {rMiasma Drain rN+}
   (You found it on level 1 of the Realm of Zot)

   It gathers nearby corpses to temporarily increase the armour it provides.
   It protects you from foul pestilence.
   rN:        It protects you from negative energy.
   Drain:     It drains your maximum health when unequipped.
 O - +10 pearl dragon scales (worn)
 R - a +3 buckler of protection (worn)
 S - the +3 pair of seven-league boots {Rampage+∞}
   (You found it on level 3 of the Lair of Beasts)

   Its wearer moves as far as possible in that direction when moving towards
   enemies.
 T - the +1 hat "Valiskox" {rC+++ Regen+ Str+4 Int-3}
   (Okawaru gifted it to you on level 4 of the Lair of Beasts)

   Str:       It affects your strength (+4).
   Int:       It affects your intelligence (-3).
   rC:        It renders you almost immune to cold.
   Regen:     It increases your rate of health regeneration.
 U - a +2 pair of gloves of infusion (worn)
 X - the +2 pair of boots of Yesterday (worn) {Regen+ Int-3 Slay+5 SInv}
   (Okawaru gifted it to you on level 4 of the Snake Pit)

   Int:       It affects your intelligence (-3).
   Slay:      It affects your accuracy & damage with ranged weapons and melee
   (+5).
   SInv:      It lets you see invisible.
   Regen:     It increases your rate of health regeneration.
Jewellery
 n - a ring of flight
 r - an amulet of regeneration (around neck)
 s - a +4 ring of protection (right hand)
 t - a +4 ring of slaying (left hand)
 v - a +4 ring of protection
 B - a ring of resist corrosion
 L - the ring "Hokack" {rF- AC+4 Str+6}
   (You took it off a deep elf pyromancer on level 10 of the Dungeon)

   [ring of protection]

   AC:        It affects your AC (+4).
   Str:       It affects your strength (+6).
   rF:        It makes you vulnerable to fire.
 M - a +4 ring of evasion
 Q - a ring of fire
 V - the ring "Etit" {rF+ Will- MP+9 Int+3 Dex+2}
   (You found it on level 4 of the Snake Pit)

   [ring of protection from fire]

   Int:       It affects your intelligence (+3).
   Dex:       It affects your dexterity (+2).
   rF:        It protects you from fire.
   MP:        It affects your magic capacity (+9).
   Will:      It decreases your willpower.
Wands
 b - a wand of iceblast (16)
 q - a wand of acid (9)
 x - a wand of polymorph (12)
 C - a wand of paralysis (38)
Scrolls
 f - 6 scrolls of enchant armour
 p - 17 scrolls of immolation
 u - 7 scrolls of magic mapping
 y - 4 scrolls of silence
 z - 15 scrolls of teleportation
 D - 8 scrolls of fear
 F - 8 scrolls of amnesia
 P - 2 scrolls of blinking
Potions
 d - 7 potions of might
 g - 5 potions of flight
 h - 25 potions of curing
 k - 7 potions of attraction
 l - a potion of resistance
 m - 10 potions of brilliance
 o - 2 potions of ambrosia
 A - a potion of mutation
 E - 7 potions of haste
 H - 3 potions of heal wounds
 I - 9 potions of magic
 K - 5 potions of cancellation
Miscellaneous
 e - a condenser vane


   Skills:
 + Level 26.6 Fighting
 + Level 26.5 Axes
 O Level 27 Armour
 + Level 26.1 Dodging
 + Level 26.6 Shields
 - Level 10.0 Invocations


You had 26 spell levels left.
You didn't know any spells.
Your spell library contained the following spells:

 Spells                   Type           Power      Damage    Failure   Level
 Apportation              Tloc           0%         N/A       63%         1
 Foxfire                  Conj/Fire      0%         2x1d4     63%         1
 Magic Dart               Conj           0%         1d3       63%         1
 Necrotise                Necr           0%         1d4       63%         1
 Sandblast                Erth           0%         2d4       63%         1
 Shock                    Conj/Air       0%         1d3       63%         1
 Slow                     Hex            0%         N/A       63%         1
 Sting                    Tmut/Pois      0%         1d3       63%         1
 Blink                    Tloc           0%         N/A       77%         2
 Cigotuvi's Dreadful Rot  Necr/Pois/Air  0%         N/A       77%         2
 Ensorcelled Hibernation  Hex/Ice        0%         N/A       77%         2
 Passwall                 Tmut/Erth      0%         N/A       77%         2
 Poisonous Vapours        Pois/Air       0%         N/A       77%         2
 Scorch                   Fire           0%         2d5       77%         2
 Searing Ray              Conj           0%         2d4       77%         2
 Static Discharge         Conj/Air       0%         2-2/arc   77%         2
 Sublimation of Blood     Necr           0%         N/A       77%         2
 Wereblood                Tmut           0%         N/A       77%         2
 Confusing Touch          Hex            0%         N/A       94%         3
 Dazzling Flash           Conj/Hex       0%         N/A       94%         3
 Gell's Gravitas          Tloc           0%         N/A       94%         3
 Hailstorm                Conj/Ice       0%         3d3       94%         3
 Ignite Poison            Fire/Tmut/Pois 0%         N/A       94%         3
 Inner Flame              Hex/Fire       0%         N/A       94%         3
 Kindle Blastsparks       Fire/Tloc/Air  0%         2d10      94%         3
 Lesser Beckoning         Tloc           0%         N/A       94%         3
 Mephitic Cloud           Conj/Pois/Air  0%         N/A       94%         3
 Portal Projectile        Hex/Tloc       0%         N/A       94%         3
 Spider Form              Tmut/Pois      0%         N/A       94%         3
 Stone Arrow              Conj/Erth      0%         3d7       94%         3
 Swiftness                Air            0%         N/A       94%         3
 Teleport Other           Tloc           0%         N/A       94%         3
 Vampiric Draining        Necr           0%         2d6       94%         3
 Vhi's Electric Charge    Tloc/Air       0%         N/A       94%         3
 Airstrike                Air            0%         2d(0-16)  100%        4
 Anguish                  Hex/Necr       0%         N/A       100%        4
 Flame Wave               Conj/Fire      0%         2d4       100%        4
 Fulminant Prism          Conj/Hex       0%         3d5       100%        4
 Ice Form                 Ice/Tmut       0%         N/A       100%        4
 Iskenderun's Mystic Bla  Conj/Tloc      0%         2d3       100%        4
 Manifold Assault         Tloc           0%         N/A       100%        4
 Olgreb's Toxic Radiance  Pois           0%         N/A       100%        4
 Passage of Golubria      Tloc           0%         N/A       100%        4
 Petrify                  Tmut/Erth      0%         N/A       100%        4
 Sticky Flame             Conj/Fire      0%         2d3       100%        4
 Agony                    Necr           0%         N/A       100%        5
 Alistair's Intoxication  Tmut/Pois      0%         N/A       100%        5
 Arcjolt                  Conj/Air       0%         1d10      100%        5
 Blade Hands              Tmut           0%         N/A       100%        5
 Borgnjor's Vile Clutch   Necr/Erth      0%         N/A       100%        5
 Fireball                 Conj/Fire      0%         3d3       100%        5
 Freezing Cloud           Conj/Ice/Air   0%         6-21      100%        5
 Irradiate                Conj/Tmut      0%         3d11      100%        5
 Iskenderun's Battlesphe  Conj           0%         2d6       100%        5
 Lightning Bolt           Conj/Air       0%         1d11      100%        5
 Metabolic Englaciation   Hex/Ice        0%         N/A       100%        5
 Silence                  Hex/Air        0%         N/A       100%        5
 Yara's Violent Unravell  Hex/Tmut       0%         3d3       100%        5
 Conjure Ball Lightning   Conj/Air       0%         3x3d7     100%        6
 Dispersal                Tloc           0%         N/A       100%        6
 Eringya's Noxious Bog    Tmut/Pois      0%         N/A       100%        6
 Iron Shot                Conj/Erth      0%         9d1       100%        6
 Starburst                Conj/Fire      0%         6d3       100%        6
 Statue Form              Tmut/Erth      0%         N/A       100%        6
 Enfeeble                 Hex            0%         N/A       100%        7
 Orb of Destruction       Conj           0%         9d5       100%        7
 Storm Form               Tmut/Air       0%         N/A       100%        7
 Disjunction              Tloc           0%         N/A       100%        8
 Lehudib's Crystal Spear  Conj/Erth      0%         10d2      100%        8
 Maxwell's Capacitive Co  Air            0%         ∞         100%        8
 Polar Vortex             Ice            0%         N/A       100%        9
 Shatter                  Erth           0%         3d5*      100%        9
 Summon Small Mammal      Summ           Unusable   N/A       N/A         1
 Call Imp                 Summ           Unusable   N/A       N/A         2
 Call Canine Familiar     Summ           Unusable   N/A       N/A         3
 Summon Guardian Golem    Hex/Summ       Unusable   N/A       N/A         3
 Tukima's Dance           Hex            Unusable   N/A       N/A         3
 Animate Dead             Necr           Unusable   N/A       N/A         4
 Summon Lightning Spire   Summ/Air       Unusable   N/A       N/A         4
 Summon Forest            Summ/Tloc      Unusable   N/A       N/A         5
 Death Channel            Necr           Unusable   N/A       N/A         6
 Simulacrum               Ice/Necr       Unusable   N/A       N/A         6
 Summon Cactus Giant      Summ           Unusable   N/A       N/A         6
 Spellforged Servitor     Conj/Summ      Unusable   N/A       N/A         7
 Summon Hydra             Summ           Unusable   N/A       N/A         7

Dungeon Overview and Level Annotations

Branches:
Dungeon (15/15)            Temple (1/1) D:6            Lair (5/5) D:9
 Shoals (4/4) Lair:3        Snake (4/4) Lair:2        Slime (5/5) Lair:4
    Orc (2/2) D:12            Elf (3/3) Orc:2        Vaults (5/5) D:13
  Crypt (3/3) Vaults:3       Tomb (0/3) Crypt:3      Depths (4/4) D:15
    Zot (5/5) Depths:4      IceCv (visited)

Altars:
Ashenzari
Cheibriados
Dithmenos
Elyvilon
Fedhas
Gozag
Hepliaklqana
Kikubaaqudgha
Makhleb
Nemelex Xobeh
Okawaru
Qazlal
Ru
Sif Muna
Trog
Uskayaw
Vehumet
Wu Jian
Xom
Yredelemnul
Zin
The Shining One
Jiyva

Shops:
D:7 [   D:10 ?   D:12 **??(   Orc:2 *[**(:   Elf:2 **   Elf:3 *   Shoals:2 (
Shoals:3 **   Snake:3 [   Vaults:1 [   Vaults:4 ?   Depths:4 (*[:

Portals:
Hell: Depths:1 Depths:2 Depths:3 Depths:4
Abyss: Snake:3 Depths:2 Depths:3
Pandemonium: Depths:1 Depths:2 Depths:3
Ziggurat: Depths:2

Annotations:
Snake:3 2 transporters, Weumeij's ghost, adept GnHu
Elf:2 5 runed translucent doors
Vaults:2 1 transporter


Innate Abilities, Weirdness & Mutations

You have a pair of horns on your head.
You reflexively headbutt those who attack you in melee.
You are partially covered in iridescent scales. (AC +2)
You are clumsy. (Dex -2)
You are frail. (-10% HP)
Your magical capacity is low. (-10% MP)
Your muscles are strong. (Str +4, Int/Dex -1)


Message History

The electric golem hits you. The electric golem shocks you!!
The electric golem hits you but does no damage.
The electric golem completely misses you.
The electric golem blinks!
You slice the electric golem!!
You destroy the electric golem!
Okawaru accepts your kill.
No target in view!
No target in view!
No target in view!
An orb of fire comes into view.
The orb of fire glows bright magenta.
The bolt of fire misses you.
The orb of fire emits a lurid red light.
The fireball explodes!
The fireball engulfs you!!!
You are too injured to fight recklessly!
The orb of fire glows deep purple.
The fireball explodes!
The fireball engulfs you!!
The orb of fire emits a lurid red light.
The fireball explodes!
The fireball engulfs you!!!
* * * LOW HITPOINT WARNING * * *
The orb of fire glows deep purple.
The fireball explodes!
The fireball engulfs you!!
* * * LOW HITPOINT WARNING * * *
Unknown command.
The orb of fire glows bright magenta.
The bolt of fire hits you!!
* * * LOW HITPOINT WARNING * * *
Blink to where?
Press: ? - help, Dir - move target
As you read the scroll of blinking, it crumbles to dust.
You open the door.
There is an open door here.
Unknown command.
The orb of fire glows bright magenta.
The fireball explodes!
The fireball engulfs you but does no damage.
The orb of fire glows deep purple.
The fireball explodes!
The fireball engulfs you!!!
You die...

...^........# #.# #.# #..######
............# #.# #.####..# #
............# #*# #.......# #
..........?.# #.# #######.# ##
............####'#########'#####.
##'###'#######.......#........#..
##.# #.# ####.......#⌠.#####....
...# #.# #^.'.......#..#~~~#....
.### #.# #.##..@....+..#~~~#.#..
.# #.####.##.......#..#~~~#.#..
.# #......##..<....#..#~~~#....
.# ##.###.##.......#..#####....
.# #.# #.##.......#........#..
.######.###.######'#########+###.
...................# #.##.#
#######.#########..# #.##.# ....#
#.# #..# ####.##.#


You could see an orb of fire.

Vanquished Creatures
  the Royal Jelly (Slime:5)
  4 dread liches
  3 ancient liches (Vaults:5)
  3 orbs of fire
  The ghost of Doitesyx the Conqueror, a veteran MiBe of Trog (Depths:4)
  2 juggernauts
  Boris (Vaults:5)
  Bai Suzhen (Vaults:5)
  Vv (Zot:4)
  A Killer Klown (Zot:4)
  Saint Roka (Depths:2)
  2 caustic shrikes
  A curse toe (Zot:3)
  15 golden dragons
  A profane servitor (Abyss:2)
  Jory (Crypt:3)
  2 bone dragons
  2 doom hounds (Crypt:2)
  A Tzitzimitl (Crypt:2)
  3 electric golems
  18 tentacled monstrosities
  Jorgrun (D:14)
  4 liches
  A walking crystal tome (Depths:3)
  2 walking earthen tomes
  8 Orb Guardians (Zot:5)
  Grunn (Crypt:2)
  Mlioglotl (Snake:3)
  3 titans
  3 quicksilver dragons
  2 deep elf blademasters (Elf:3)
  2 deep elf master archers (Elf:3)
  An ancient champion (Crypt:3)
  2 walking frostbound tomes (Depths:3)
  A tentacled starspawn (Abyss:2)
  11 death cobs
  3 krakens
  Agnes (Snake:1)
  Frances (Shoals:1)
  6 tengu reavers
  9 sphinxes
  15 acid blobs (Slime:5)
  12 shadow dragons
  4 draconian monks
  23 storm dragons
  Roxanne (Snake:1)
  5 nagarajas
  6 azure jellies
  5 rockslimes
  3 revenants
  4 draconian knights
  6 fire giants
  The ghost of Besoyti the Warrior, an adept GrFi of the Shining One (Depths:1)
  23 vault wardens
  2 balrugs
  5 deep elf sorcerers
  9 frost giants
  The ghost of LetschGu the Marksspriggan, an adept SpHu of Okawaru (Elf:2)
  7 ghouls (Crypt:3)
  2 spectral juggernauts
  Aizul (Shoals:4)
  A ghost moth (shapeshifter) (Vaults:5)
  2 orc warlords
  2 curse skulls (Crypt:3)
  4 deep elf elementalists (Elf:3)
  8 draconian scorchers
  6 reapers
  3 war gargoyles
  18 stone giants
  A draconian stormcaller (Zot:3)
  4 draconian shifters
  15 ironbound preservers
  6 draconian annihilators
  6 quicksilver oozes (Slime:5)
  35 very ugly things
  8 vampire knights
  11 deep elf demonologists
  8 ironbound thunderhulks
  7 green draconians
  A lorocyproca (Abyss:2)
  The ghost of martbhell the Spry, a journeyman FeSu of Gozag (Snake:4)
  6 black draconians
  4 yellow draconians
  9 spark wasps
  9 deep elf annihilators
  10 dire elephants
  A spectral titan (Depths:1)
  8 purple draconians
  8 red draconians
  7 white draconians
  16 merfolk impalers
  7 eidola
  8 deep elf death magi
  7 merfolk javelineers
  Josephine (Orc:1)
  11 ettins
  4 great orbs of eyes
  A quicksilver dragon zombie (Crypt:3)
  A spectral golden dragon (Depths:1)
  2 crystal guardians (Vaults:3)
  17 yaktaur captains
  3 deep elf high priests
  7 fire dragons
  4 jiangshi (Crypt:3)
  An entropy weaver (Vaults:3)
  44 vault guards
  2 rakshasas
  6 ice dragons
  Erolcha (Orc:1)
  A hell beast (Depths:1)
  A spriggan air mage (Depths:3)
  5 caustic shrike simulacra (IceCv)
  A salamander tyrant (Snake:4)
  6 boulder beetles
  4 ogre magi
  A spectral shadow dragon (Depths:1)
  5 hydras
  3 peacekeepers (Vaults:3)
  A quicksilver dragon skeleton (Crypt:2)
  Erica (D:8)
  16 ironbound frosthearts
  An alligator snapping turtle (Shoals:4)
  An anaconda (shapeshifter) (Elf:3)
  21 centaur warriors
  15 dancing weapons
  3 merfolk aquamancers
  A death knight (Crypt:2)
  9 deep troll earth magi
  12 anacondas
  4 merfolk avatars
  11 death yaks (Lair:5)
  14 two-headed ogres
  Urug (Lair:2)
  13 deep troll shamans
  A satyr (Shoals:3)
  13 naga warriors
  15 shock serpents
  A spectral dire elephant (Lair:5)
  2 vampire magi
  16 naga sharpshooters
  4 spriggan berserkers
  Nergalle (Lair:1)
  7 hell knights (Depths:3)
  3 tengu warriors
  Sonja (Orc:1)
  8 deep elf knights
  2 thrashing horrors (Abyss:2)
  2 spriggans (Depths:3)
  A fire crab (Lair:3)
  A soul eater (Crypt:3)
  16 shadow wraiths
  4 wretched stars (Abyss:2)
  4 salamander mystics
  7 glowing orange brains
  18 iron trolls
  17 skeletal warriors
  3 flayed ghosts
  2 quicksilver dragon simulacra (Depths:1)
  A fire crab (shapeshifter) (Vaults:5)
  A spectral anaconda (Lair:5)
  A sea snake (shapeshifter) (Depths:3)
  2 starcursed masses (Abyss:2)
  58 deep trolls
  12 lindwurms
  Pikel (D:9)
  30 phantasmal warriors
  4 obsidian statues
  6 deep elf archers
  15 sea snakes
  11 necromancers
  5 mana vipers
  A spriggan simulacrum (Crypt:2)
  5 orc knights
  3 naga ritualists
  50 ugly things
  24 ironbound convokers
  An iron dragon zombie (Crypt:2)
  8 deep elf zephyrmancers
  A broodmother zombie (Crypt:2)
  9 wizards
  A mana viper (shapeshifter) (Depths:3)
  30 harpies
  21 deep elf pyromancers
  An orc sorcerer (Orc:2)
  4 shining eyes (Slime:5)
  9 cyclopes
  17 manticores
  A spectral ettin (Crypt:3)
  A worldbinder (Abyss:2)
  A shadow dragon skeleton (Crypt:3)
  A will-o-the-wisp (Abyss:2)
  A sphinx skeleton (Vaults:4)
  10 salamanders
  9 fauns (Shoals:1)
  A manticore (shapeshifter) (D:13)
  A spectral centaur (Crypt:3)
  11 merfolk sirens
  22 moths of wrath
  A goliath frog skeleton (Crypt:2)
  An elf zombie (Vaults:4)
  4 rust devils
  An apocalypse crab (Abyss:2)
  29 naga magi
  5 water nymphs
  21 elephants
  5 guardian serpents
  7 smoke demons
  17 vault sentinels
  2 eyes of devastation (Slime:5)
  29 black mambas
  A guardian serpent (shapeshifter) (Elf:3)
  2 human zombies (Vaults:4)
  A gargoyle (D:11)
  2 dire elephant skeletons
  2 dire elephant zombies
  3 torpor snails (Lair:5)
  2 orange demons
  Maggie (Lair:1)
  9 cane toads
  A torpor snail (shapeshifter) (Vaults:5)
  A storm dragon simulacrum (Depths:1)
  60 yaktaurs
  An unseen horror (Abyss:3)
  13 komodo dragons
  A komodo dragon (shapeshifter) (Abyss:2)
  20 freezing wraiths
  A spectral harpy (Crypt:3)
  2 golden dragon simulacra (IceCv)
  2 ice devils
  4 tengu conjurers
  A merfolk (shapeshifter) (Vaults:5)
  A tormentor (Crypt:2)
  A rime drake (Lair:2)
  2 red devils (Depths:2)
  16 trolls
  3 ancient zymes
  A sea snake skeleton (Crypt:3)
  A catoblepas skeleton (Crypt:3)
  3 shadow dragon simulacra (Depths:1)
  A tarantella (shapeshifter) (Vaults:5)
  39 merfolk
  4 wind drakes
  3 tengu simulacra
  3 polar bears (Lair:5)
  A tarantella (Vaults:3)
  A spectral elephant (Lair:5)
  4 hornets
  7 raiju (Abyss:2)
  Grinder (D:3)
  Prince Ribbit (Lair:2)
  A jumping spider zombie (Crypt:3)
  10 snapping turtles
  4 harpy skeletons
  11 dream sheep
  A satyr zombie (Crypt:1)
  A human skeleton (Vaults:4)
  14 blink frogs
  64 slime creatures
  A spectral black mamba (Crypt:3)
  11 flying skulls
  4 air elementals
  2 ettin skeletons
  11 shadows
  15 wraiths
  7 water elementals
  A culicivora (shapeshifter) (Abyss:4)
  A black mamba zombie (Crypt:1)
  6 wyverns
  39 yaks
  A ynoxinul (Depths:2)
  5 basilisks
  4 fire bats (Depths:2)
  A steam dragon (D:10)
  A wind drake zombie (Crypt:3)
  3 fire elementals
  A death yak simulacrum (Lair:5)
  12 golden eyes
  9 chaos spawn
  2 redbacks (Vaults:3)
  3 neqoxecs
  A redback (shapeshifter) (D:15)
  2 harpy simulacra (Crypt:3)
  2 minotaur simulacra (IceCv)
  A wind drake skeleton (Crypt:1)
  7 vampire mosquitoes (D:12)
  A spectral cane toad (Lair:5)
  12 large abominations
  31 nagas
  A naga (shapeshifter) (D:15)
  A swamp worm (shapeshifter) (Depths:3)
  2 fire bat zombies
  An acid dragon (D:12)
  15 water moccasins
  2 hydra simulacra (IceCv)
  A black bear (Lair:1)
  16 orc warriors
  4 ice beasts
  9 small abominations
  23 ogres
  A swamp dragon zombie (Crypt:3)
  11 centaurs
  3 ettin simulacra (IceCv)
  A boggart (D:13)
  A lemure (D:9)
  An elephant skeleton (Lair:5)
  11 wolves
  A kobold brigand (D:7)
  7 bullfrogs
  A glowing shapeshifter simulacrum (Depths:1)
  7 gnoll sergeants
  A cane toad simulacrum (Lair:5)
  An earth elemental (Elf:3)
  2 scorpions (D:9)
  3 necrophages
  A warg zombie (Crypt:1)
  A queen bee zombie (Crypt:2)
  11 killer bees
  3 electric eels
  5 howler monkeys
  A crimson imp (D:6)
  A lava snake (D:13)
  A black bear zombie (Crypt:2)
  A quasit (Abyss:3)
  A basilisk zombie (Crypt:3)
  A wolf skeleton (Crypt:2)
  3 hounds
  5 jellies
  A gnoll bouda (D:7)
  10 orc priests
  Ijyb (D:3)
  4 iguanas
  3 iron imps (Abyss:2)
  18 orc wizards
  An ogre skeleton (Crypt:1)
  A tengu skeleton (Crypt:2)
  A hound skeleton (Crypt:3)
  33 gnolls
  9 adders
  A shadow imp (D:6)
  A swamp drake skeleton (Crypt:1)
  5 white imps
  An ufetubus (Abyss:2)
  An iguana skeleton (Crypt:3)
  2 worms (D:3)
  4 dart slugs
  63 orcs
  8 endoplasms
  14 giant cockroaches
  6 hobgoblins
  8 jackals
  2 quokkas
  3 training dummies (Shoals:2)
  8 ball pythons
  5 bats
  4 frilled lizards
  7 goblins
  12 kobolds
  A kobold skeleton (Crypt:3)
  3 rats
  3 bushes (Lair:3)
  8 tentacles
2368 creatures vanquished.

Vanquished Creatures (collateral kills)
  A ball python (D:1)
1 creature vanquished.

Vanquished Creatures (others)
  Asterion (Snake:3)
  A storm dragon (Zot:3)
  3 draconian knights (Zot:1)
  2 deep elf zephyrmancers (Elf:1)
  A deep elf pyromancer (Elf:1)
  A tengu conjurer (D:13)
  3 orcs (Vaults:5)
  8 foxfires (Abyss:2)
  31 fungi
  93 plants
  2 starspawn tentacles (Abyss:2)
  11 tentacles
  22 withered plants
179 creatures vanquished.

Grand Total: 2548 creatures vanquished

Notes
Turn   | Place    | Note
-------+----------+-------------------------------------------
     0 | D:1      | Gismaildir the Minotaur Fighter began the quest for the
                  | Orb.
     0 | D:1      | Reached XP level 1. HP: 19/19 MP: 0/0
   194 | D:1      | Reached XP level 2. HP: 27/27 MP: 1/1
   359 | D:1      | Reached skill level 1 in Dodging
   409 | D:1      | Reached skill level 4 in Armour
   409 | D:1      | Reached XP level 3. HP: 29/33 MP: 2/2
   899 | D:2      | Reached XP level 4. HP: 40/40 MP: 3/3
   998 | D:2      | Identified the +1 pair of boots of Servitude {Str-3 Slay+2
                  | SInv}
  1303 | D:2      | Found a sacrificial altar of Ru.
  1403 | D:3      | Noticed Ijyb
  1409 | D:3      | Killed Ijyb
  1479 | D:3      | Reached XP level 5. HP: 47/47 MP: 4/4
  1524 | D:3      | Found a white marble altar of Elyvilon.
  1610 | D:3      | Noticed Grinder
  1620 | D:3      | Paralysed by Grinder for 4 turns
  1624 | D:3      | Killed Grinder
  1625 | D:3      | Reached skill level 5 in Fighting
  1625 | D:3      | Reached skill level 5 in Armour
  1625 | D:3      | Reached skill level 5 in Shields
  1625 | D:3      | Reached XP level 6. HP: 36/56 MP: 5/5
  2194 | D:4      | You fall into a shaft and drop 2 floors!
  2251 | D:6      | Identified a scroll of acquirement
  2251 | D:6      | Acquired 1040 gold pieces
  2290 | D:5      | Entered Level 5 of the Dungeon
  2290 | D:5      | Noticed an ice beast
  2295 | D:5      | Killed an ice beast
  2296 | D:5      | Reached XP level 7. HP: 61/61 MP: 6/6
  2390 | D:5      | Reached skill level 5 in Axes
  2516 | D:4      | Found an ancient bone altar of Kikubaaqudgha.
  2596 | D:4      | Reached skill level 6 in Armour
  3087 | D:4      | Reached XP level 8. HP: 68/70 MP: 7/7
  3747 | D:6      | Reached skill level 5 in Dodging
  3818 | D:6      | Found a shimmering altar of Xom.
  3818 | D:6      | Found a burning altar of Makhleb.
  3847 | D:6      | Found a staircase to the Ecumenical Temple.
  3856 | Temple   | Entered the Ecumenical Temple
  3856 | Temple   | Found a transporter.
  3856 | Temple   | Found a transporter.
  3858 | Temple   | Found a transporter.
  3858 | Temple   | Found a transporter.
  3933 | D:6      | Found a glowing silver altar of Zin.
  3941 | D:6      | Found a snail-covered altar of Cheibriados.
  4094 | D:6      | Reached skill level 7 in Armour
  4382 | D:7      | Reached XP level 9. HP: 52/79 MP: 8/8
  4806 | D:7      | Found Ruorph's Antique Armour Shoppe.
  4831 | D:7      | Bought a glowing chain mail for 150 gold pieces
  5062 | D:8      | Noticed Erica
  5068 | D:8      | Killed Erica
  5069 | D:8      | Reached skill level 8 in Armour
  5645 | D:9      | Reached XP level 10. HP: 83/90 MP: 9/9
  5676 | D:9      | Found a staircase to the Lair.
  5759 | D:9      | Noticed Pikel
  5774 | D:9      | Killed Pikel
  5775 | D:9      | Reached skill level 9 in Armour
  6298 | D:10     | Entered Level 10 of the Dungeon
  6312 | D:10     | Noticed a two-headed ogre
  6325 | D:10     | Killed a two-headed ogre
  6472 | D:10     | Found a shadowy altar of Dithmenos.
  6481 | D:10     | Noticed a two-headed ogre
  6487 | D:10     | Killed a two-headed ogre
  6685 | D:10     | Noticed a two-headed ogre
  6688 | D:10     | Killed a two-headed ogre
  6689 | D:10     | Reached XP level 11. HP: 93/99 MP: 10/10
  6694 | D:10     | Reached skill level 10 in Fighting
  6695 | D:10     | Reached skill level 10 in Shields
  6808 | D:10     | Noticed a seven-headed hydra
  6815 | D:10     | Reached skill level 10 in Armour
  6822 | D:10     | Killed an 11-headed hydra
  6852 | D:10     | Noticed a boulder beetle
  6862 | D:10     | Noticed a centaur warrior
  6864 | D:10     | Noticed a deep elf pyromancer
  6866 | D:10     | Killed a centaur warrior
  6868 | D:10     | Identified the ring "Hokack" {rF- AC+4 Str+6}
  6868 | D:10     | Noticed a deep elf pyromancer
  6868 | D:10     | Killed a deep elf pyromancer
  6869 | D:10     | Reached skill level 10 in Axes
  6877 | D:10     | Killed a deep elf pyromancer
  6892 | D:10     | Killed a boulder beetle
  7064 | D:10     | Found Tabuy's Magic Scroll Shop.
  7072 | D:10     | Bought a scroll of identify for 22 gold pieces
  7072 | D:10     | Bought a scroll of enchant weapon for 82 gold pieces
  7072 | D:10     | Bought a scroll of teleportation for 33 gold pieces
  7072 | D:10     | Bought a scroll of teleportation for 33 gold pieces
  7072 | D:10     | Bought a scroll of blinking for 82 gold pieces
  7072 | D:10     | Bought a scroll of teleportation for 33 gold pieces
  7426 | D:11     | Noticed a deep elf pyromancer
  7441 | D:11     | Killed a deep elf pyromancer
  7940 | Temple   | Became a worshipper of Warmaster Okawaru
  8094 | D:12     | Found Qiqiro's Assorted Antiques.
  8105 | D:12     | Bought a cyan potion for 25 gold pieces
  8105 | D:12     | Bought a scroll of identify for 56 gold pieces
  8105 | D:12     | Bought a scroll labelled HEMAN SENK for 28 gold pieces
  8140 | D:12     | Found Orenokhu's General Store.
  8147 | D:12     | Bought a potion of curing for 39 gold pieces
  8147 | D:12     | Bought a potion of resistance for 130 gold pieces
  8147 | D:12     | Bought 2 potions of mutation for 208 gold pieces
  8147 | D:12     | Gained mutation: You are robust. (+10% HP) [potion of
                  | mutation]
  8147 | D:12     | Gained mutation: You passively map a small area around you.
                  | [potion of mutation]
  8163 | D:12     | Noticed a brown ugly thing
  8168 | D:12     | Killed a brown ugly thing
  8216 | D:12     | Reached skill level 11 in Armour
  8227 | D:12     | Reached * piety under Okawaru
  8390 | D:12     | Noticed a white ugly thing
  8391 | D:12     | Found Guesaipo's Magic Scroll Shop.
  8403 | D:12     | Killed a white ugly thing
  8404 | D:12     | Reached XP level 12. HP: 40/121 MP: 11/11
  8407 | D:12     | Bought a scroll of magic mapping for 105 gold pieces
  8407 | D:12     | Bought a scroll of silence for 133 gold pieces
  8407 | D:12     | Bought 3 scrolls of enchant armour for 315 gold pieces
  8407 | D:12     | Bought a scroll of fear for 56 gold pieces
  8636 | D:12     | Reached ** piety under Okawaru
  8639 | D:12     | Reached skill level 1 in Invocations
  8649 | D:12     | Reached skill level 10 in Dodging
  8653 | D:12     | Reached *** piety under Okawaru
  8995 | D:12     | Found Wusepher's Magic Scroll Shop.
  9000 | D:12     | Bought a scroll of identify for 30 gold pieces
  9000 | D:12     | Bought a scroll of enchant armour for 112 gold pieces
  9013 | D:12     | Noticed a boulder beetle
  9029 | D:12     | Killed a boulder beetle
  9065 | D:12     | Found Uhuxogu's Weapon Shoppe.
  9115 | D:12     | Reached **** piety under Okawaru
  9196 | D:12     | Found a staircase to the Orcish Mines.
  9228 | D:13     | Noticed an eight-headed hydra
  9229 | D:13     | Noticed a centaur warrior
  9241 | D:13     | Killed a 14-headed hydra
  9242 | D:13     | Reached skill level 12 in Armour
  9246 | D:13     | Killed a centaur warrior
  9331 | D:13     | Noticed a two-headed ogre
  9335 | D:13     | Killed a two-headed ogre
  9375 | D:13     | Noticed a tengu warrior
  9380 | D:13     | Noticed a centaur warrior
  9382 | D:13     | Noticed a centaur warrior
  9385 | D:13     | Noticed a boulder beetle
  9388 | D:13     | Noticed a vault guard
  9391 | D:13     | Killed a tengu warrior
  9393 | D:13     | Reached ***** piety under Okawaru
  9394 | D:13     | Killed a centaur warrior
  9397 | D:13     | Reached XP level 13. HP: 64/129 MP: 14/14
  9880 | D:13     | Found a gate to the Vaults.
 10053 | D:12     | Bought a scroll of enchant armour for 112 gold pieces
 10108 | D:14     | Identified the +0 pair of gloves of the Last Xeniums
                  | {rElec} (Okawaru gifted it to you on level 14 of the
                  | Dungeon)
 10108 | D:14     | Received a gift from Okawaru
 10186 | D:14     | Found a sacrificial altar of Ru.
 10235 | D:14     | Reached skill level 5 in Invocations
 10259 | D:14     | Noticed Jorgrun
 10290 | D:14     | Killed Jorgrun
 10598 | D:14     | Reached skill level 13 in Armour
 10647 | D:15     | Entered Level 15 of the Dungeon
 10909 | D:15     | Reached ****** piety under Okawaru
 10938 | D:15     | Identified the +3 troll leather armour of Jeudojoj {Regen+
                  | Str+3} (Okawaru gifted it to you on level 15 of the
                  | Dungeon)
 10938 | D:15     | Received a gift from Okawaru
 10968 | D:15     | Reached XP level 14. HP: 101/141 MP: 17/17
 11242 | D:15     | Identified the +1 robe "Xuress" {Harm Fly rElec rC+}
 11459 | D:15     | Found a staircase to the Depths.
 11459 | D:15     | Noticed a cyan very ugly thing
 11469 | D:15     | Paralysed by a floating eye for 3 turns
 11721 | D:15     | Killed a red very ugly thing
 12141 | Lair:1   | Entered Level 1 of the Lair of Beasts
 12205 | Lair:1   | Noticed Nergalle
 12217 | Lair:1   | Killed Nergalle
 12448 | Lair:1   | Noticed Maggie
 12459 | Lair:1   | Killed Maggie
 12813 | Lair:1   | Received a gift from Okawaru
 13240 | Lair:2   | Noticed Prince Ribbit
 13258 | Lair:2   | Killed Prince Ribbit
 13318 | Lair:2   | Reached skill level 14 in Armour
 13319 | Lair:2   | Noticed Urug
 13332 | Lair:2   | Killed Urug
 13476 | Lair:2   | Found a staircase to the Snake Pit.
 14165 | Lair:3   | Found the +3 pair of seven-league boots {Rampage+∞}
 14293 | Lair:3   | Found a staircase to the Shoals.
 14822 | Lair:4   | Identified the +1 hat "Valiskox" {rC+++ Regen+ Str+4 Int-3}
                  | (Okawaru gifted it to you on level 4 of the Lair of Beasts)
 14822 | Lair:4   | Received a gift from Okawaru
 14861 | Lair:4   | Found a staircase to the Slime Pits.
 14861 | Lair:4   | Found a viscous altar of Jiyva.
 15537 | Lair:5   | Entered Level 5 of the Lair of Beasts
 15550 | Lair:5   | Reached XP level 15. HP: 152/152 MP: 19/19
 16166 | Lair:5   | Received a gift from Okawaru
 16318 | Lair:5   | Reached skill level 15 in Armour
 16628 | Lair:5   | Reached skill level 15 in Shields
 16701 | Lair:5   | Reached skill level 15 in Fighting
 16799 | Lair:5   | Identified the ring "Ydeakig" {rN+ Str+5 Int-2 Slay-3 SInv}
 17054 | Orc:1    | Entered Level 1 of the Orcish Mines
 17060 | Orc:1    | Identified the +6 war axe of Guecis {elec, rC+ Str+5 Int-2
                  | Stlth+} (Okawaru gifted it to you on level 1 of the Orcish
                  | Mines)
 17060 | Orc:1    | Received a gift from Okawaru
 17111 | Orc:1    | Noticed Josephine
 17112 | Orc:1    | Noticed Sonja
 17113 | Orc:1    | Paralysed by Sonja for 4 turns
 17121 | Orc:1    | Killed Sonja
 17126 | Orc:1    | Killed Josephine
 17232 | Orc:2    | Entered Level 2 of the Orcish Mines
 17368 | Orc:1    | Noticed Erolcha
 17381 | Orc:1    | Killed Erolcha
 17574 | Orc:2    | Found Hihumy's Weapon Shop.
 17610 | Orc:2    | Reached skill level 15 in Axes
 17660 | Orc:2    | Found a staircase to the Elven Halls.
 17859 | Orc:2    | Found Ziebodor's Book Shop.
 17937 | Orc:2    | Found Jeif Dig's General Store.
 17939 | Orc:2    | Found Zyhel's Assorted Antiques.
 17948 | Orc:2    | Paralysed by an ogre mage for 4 turns
 17962 | Orc:2    | Reached XP level 16. HP: 95/163 MP: 16/21
 17979 | Orc:2    | Found Tiac's Armour Boutique.
 17980 | Orc:2    | Received a gift from Okawaru
 17985 | Orc:2    | Found Ceshuoj's General Store.
 18018 | Orc:2    | Bought a potion of haste for 300 gold pieces
 18018 | Orc:2    | Bought 2 potions of flight for 180 gold pieces
 18033 | Orc:2    | Bought a scroll of brand weapon for 133 gold pieces
 18039 | Orc:2    | Bought a potion of curing for 33 gold pieces
 18039 | Orc:2    | Bought a potion of heal wounds for 55 gold pieces
 18039 | Orc:2    | Bought 2 potions of haste for 220 gold pieces
 18192 | Orc:2    | Bought a +1 pair of gloves of infusion for 181 gold pieces
 18370 | Snake:1  | Entered Level 1 of the Snake Pit
 18657 | Snake:1  | Noticed Agnes
 18665 | Snake:1  | Killed Agnes
 18799 | Snake:1  | Received a gift from Okawaru
 19329 | Snake:1  | Noticed Roxanne
 19345 | Snake:1  | Killed Roxanne
 19346 | Snake:1  | Reached skill level 16 in Armour
 19834 | Snake:2  | Reached skill level 10 in Invocations
 20349 | Snake:2  | Received a gift from Okawaru
 21015 | Snake:3  | Noticed a tentacled starspawn
 21550 | Snake:3  | Found Byvuqa's Armour Shop.
 21553 | Snake:3  | Noticed Mlioglotl
 21567 | Snake:3  | Killed Mlioglotl
 21586 | Snake:3  | Received a gift from Okawaru
 21867 | Snake:3  | Noticed Weumeij's ghost (adept GnHu)
 21876 | Snake:3  | Noticed a tentacled monstrosity
 21886 | Snake:3  | Noticed Asterion
 21888 | Snake:3  | Found a transporter.
 21897 | Snake:3  | Killed Asterion
 21898 | Snake:3  | Reached XP level 17. HP: 143/174 MP: 17/23
 21928 | Snake:3  | Found a transporter.
 22104 | Snake:3  | Found a one-way gate to the infinite horrors of the Abyss.
 22426 | Snake:4  | Entered Level 4 of the Snake Pit
 22426 | Snake:4  | Found a transporter.
 22434 | Snake:4  | Noticed martbhell's ghost (journeyman FeSu)
 22442 | Snake:4  | Found a transporter.
 22450 | Snake:4  | Received a gift from Okawaru
 22454 | Snake:4  | Killed martbhell's ghost
 22461 | Snake:4  | Identified the ring "Etit" {rF+ Will- MP+9 Int+3 Dex+2}
 22955 | Snake:4  | Reached skill level 15 in Dodging
 23390 | Snake:4  | Reached skill level 17 in Armour
 23521 | Snake:4  | Identified the +2 pair of boots of Yesterday {Regen+ Int-3
                  | Slay+5 SInv} (Okawaru gifted it to you on level 4 of the
                  | Snake Pit)
 23521 | Snake:4  | Received a gift from Okawaru
 23754 | Snake:4  | Got a serpentine rune of Zot
 24136 | Shoals:1 | Entered Level 1 of the Shoals
 24594 | Shoals:1 | Noticed Frances
 24599 | Shoals:1 | Gained mutation: Your body sometimes deteriorates upon
                  | taking damage. [a neqoxec]
 24610 | Shoals:1 | Killed Frances
 25315 | Shoals:1 | Reached XP level 18. HP: 187/187 MP: 12/24
 25769 | Shoals:2 | Found Goel's Firing Range.
 26056 | Shoals:2 | Identified the -2 pair of boots of Pleasant Breezes {Contam
                  | rElec rPois rCorr} (Okawaru gifted it to you on level 2 of
                  | the Shoals)
 26056 | Shoals:2 | Received a gift from Okawaru
 27122 | Shoals:3 | Found Hiepnoth's Specific Store.
 27140 | Shoals:3 | Found Quophoetud's General Store.
 27453 | Shoals:3 | Reached skill level 18 in Armour
 27682 | Shoals:4 | Entered Level 4 of the Shoals
 27984 | Shoals:4 | Noticed Aizul
 28000 | Shoals:4 | Killed Aizul
 28009 | Shoals:4 | Received a gift from Okawaru
 28067 | Shoals:4 | Found a frozen archway.
 28076 | IceCv    | Entered an ice cave
 29144 | Shoals:4 | Received a gift from Okawaru
 29174 | Shoals:4 | Got a barnacled rune of Zot
 29375 | Shoals:4 | Got the Guide on Congealing Bolts
 29443 | Shoals:4 | Reached XP level 19. HP: 181/198 MP: 25/25
 30064 | Elf:1    | Entered Level 1 of the Elven Halls
 30195 | Elf:1    | Paralysed by an air elemental for 1 turns
 30957 | Elf:2    | Found a huge runed translucent gate.
 30957 | Elf:2    | Found a huge runed translucent gate.
 30958 | Elf:2    | Found a huge runed translucent gate.
 30959 | Elf:2    | Found a huge runed translucent gate.
 30971 | Elf:2    | Found a huge runed translucent gate.
 31016 | Elf:2    | Found a runed translucent gate.
 31016 | Elf:2    | Found a runed translucent gate.
 31020 | Elf:2    | Found an opulent altar of Gozag.
 31022 | Elf:2    | Found a runed translucent gate.
 31022 | Elf:2    | Found Syruice's Assorted Antiques.
 31022 | Elf:2    | Noticed LetschGu's ghost (adept SpHu)
 31023 | Elf:2    | Found Veta's Assorted Antiques.
 31037 | Elf:2    | Killed LetschGu's ghost
 31221 | Elf:2    | Bought a potion of curing for 105 gold pieces
 31222 | Elf:2    | Bought a scroll of blinking for 277 gold pieces
 31222 | Elf:2    | Bought 2 potions of might for 296 gold pieces
 31379 | Elf:2    | Paralysed by a deep elf zephyrmancer for 4 turns
 31387 | Elf:2    | Paralysed by a deep elf zephyrmancer for 5 turns
 31491 | Elf:2    | Received a gift from Okawaru
 31501 | Elf:2    | Reached skill level 19 in Armour
 31835 | Elf:3    | Entered Level 3 of the Elven Halls
 32120 | Abyss:2  | Found a corrupted altar of Lugonu.
 32120 | Abyss:2  | Cast into level 2 of the Abyss (a deep elf demonologist)
 32281 | Abyss:2  | Lost intelligence.
 32319 | Abyss:2  | Noticed a bone dragon
 32332 | Abyss:2  | Killed a bone dragon
 32558 | Elf:3    | Escaped the Abyss
 32669 | Elf:2    | HP: 7/200 [+0 battleaxe of freezing (4)]
 32949 | Vaults:1 | Entered Level 1 of the Vaults
 32956 | Vaults:1 | Found Muarphow's Antique Armour Boutique.
 32970 | Vaults:1 | Received a gift from Okawaru
 33966 | Vaults:1 | Identified the +2 robe "Vewoofym" {Rampage Int+4 Stlth+}
                  | (Okawaru gifted it to you on level 1 of the Vaults)
 33966 | Vaults:1 | Received a gift from Okawaru
 34222 | Vaults:1 | Reached XP level 20. HP: 210/210 MP: 26/26
 35329 | Vaults:2 | Found a transporter.
 35329 | Vaults:2 | Found a transporter.
 35795 | Vaults:2 | Reached skill level 20 in Armour
 35882 | Vaults:2 | Found a transporter.
 35883 | Vaults:2 | Noticed a dread lich
 35884 | Vaults:2 | Found a transporter.
 35900 | Vaults:2 | Found a transporter.
 35954 | Vaults:2 | Killed a dread lich
 35964 | Vaults:2 | Received a gift from Okawaru
 35996 | Vaults:2 | Identified the +2 hat of the Furies {rC+}
 37422 | Vaults:3 | Found a staircase to the Crypt.
 37521 | Vaults:3 | Identified the +7 halberd "Ujosk" {protect, rElec Will+
                  | Dex+6}
 37733 | Vaults:3 | Identified the +4 animal skin of Compression {Harm rCorr
                  | Int-5 SInv} (Okawaru gifted it to you on level 3 of the
                  | Vaults)
 37733 | Vaults:3 | Received a gift from Okawaru
 38223 | Vaults:3 | Reached XP level 21. HP: 222/222 MP: 14/27
 38732 | Vaults:4 | Paralysed by a sphinx for 4 turns
 39355 | Vaults:4 | Identified the +0 kite shield "Itutas" {Harm rCorr}
                  | (Okawaru gifted it to you on level 4 of the Vaults)
 39355 | Vaults:4 | Received a gift from Okawaru
 39356 | Vaults:4 | Reached skill level 21 in Armour
 39746 | Vaults:4 | Identified the +8 spear of Disintegration {holy, *Noise Fly
                  | rN++ Stlth+}
 40034 | Vaults:4 | Paralysed by a great orb of eyes for 5 turns
 40416 | Vaults:4 | Found Sybroiz's Magic Scroll Emporium.
 40424 | Vaults:4 | Bought a scroll of enchant weapon for 82 gold pieces
 40424 | Vaults:4 | Bought a scroll of acquirement for 572 gold pieces
 40424 | Vaults:4 | Bought a scroll of blinking for 82 gold pieces
 40427 | Vaults:4 | Acquired a manual of Dodging
 40696 | Vaults:5 | Entered Level 5 of the Vaults
 40696 | Vaults:5 | Noticed an ancient lich
 40720 | Vaults:5 | Killed an ancient lich
 40746 | Vaults:5 | Identified the +1 demon whip "Syhegaat" {pain, Dex+3}
                  | (Okawaru gifted it to you on level 5 of the Vaults)
 40746 | Vaults:5 | Received a gift from Okawaru
 40773 | Vaults:5 | Noticed an ancient lich
 40790 | Vaults:5 | Noticed an ancient lich
 40794 | Vaults:5 | Killed an ancient lich
 40795 | Vaults:5 | Reached XP level 22. HP: 169/234 MP: 0/28
 40806 | Abyss:2  | Cast into level 2 of the Abyss (a deep elf sorcerer)
 40912 | Abyss:2  | Found a corrupted altar of Lugonu.
 40913 | Abyss:2  | Found a corrupted altar of Lugonu.
 40913 | Abyss:2  | Found a corrupted altar of Lugonu.
 40914 | Abyss:2  | Found an opulent altar of Gozag.
 41216 | Abyss:2  | Received a gift from Okawaru
 41229 | Abyss:3  | Found a corrupted altar of Lugonu.
 41274 | Abyss:3  | Identified the +6 tower shield "Vueddan" {rF+ Str+2 Int+3
                  | Dex-3}
 41276 | Vaults:5 | Escaped the Abyss
 41296 | Vaults:5 | Killed an ancient lich
 41367 | Vaults:5 | Got the Incunabulum of Superposition and Damage Dealing
 41380 | Vaults:5 | Noticed Boris
 41400 | Vaults:5 | Killed Boris
 41641 | Vaults:5 | Noticed a golden dragon
 41649 | Vaults:5 | Killed a golden dragon
 41649 | Vaults:5 | Identified the +7 hand axe of Misery {flame, rPois Dex+3}
                  | (Okawaru gifted it to you on level 5 of the Vaults)
 41649 | Vaults:5 | Received a gift from Okawaru
 41879 | Vaults:5 | Noticed Bai Suzhen
 41883 | Vaults:5 | Noticed a golden dragon
 41884 | Vaults:5 | Reached skill level 22 in Armour
 41895 | Vaults:5 | Killed Bai Suzhen
 41899 | Vaults:5 | Killed a golden dragon
 41931 | Vaults:5 | Got a silver rune of Zot
 42187 | Vaults:5 | Identified the +0 scale mail of Idealism {-Tele Int+8 SInv}
                  | (Okawaru gifted it to you on level 5 of the Vaults)
 42187 | Vaults:5 | Received a gift from Okawaru
 42339 | Vaults:5 | Noticed a dread lich
 42340 | Vaults:5 | Noticed a golden dragon
 42349 | Vaults:5 | Identified the ring "Muavvun" {rN+ EV+4}
 42357 | Vaults:5 | Paralysed by a dread lich for 4 turns
 42363 | Vaults:5 | Killed a dread lich
 42420 | Vaults:5 | Noticed a golden dragon
 42428 | Vaults:5 | Killed a golden dragon
 42525 | Vaults:5 | Killed a golden dragon
 43243 | Vaults:5 | Found the +8 longbow "Zephyr" {speed, Dex+3 SInv}
 43245 | Vaults:5 | Identified the +3 flail of Usselejo {elec, Dex+6}
 43255 | Vaults:5 | Got Goptugh's Omnibus of Excavation
 43256 | Vaults:5 | Identified the +9 arbalest "Pyepaeca" {freeze, rPois}
 43264 | Vaults:5 | Identified the +8 hand axe of Triumph {drain, rF- rN++
                  | Will+ Int+4}
 43268 | Vaults:5 | Identified the amulet "Zochufel" {Reflect Int+5 SH+5}
 43284 | Vaults:5 | Identified the +2 longbow of the Warrior {antimagic, rC+++}
 43795 | Elf:3    | Reached XP level 23. HP: 206/246 MP: 15/29
 43802 | Elf:3    | Received a gift from Okawaru
 43851 | Abyss:3  | Cast into level 3 of the Abyss (a deep elf demonologist)
 43985 | Abyss:4  | Found a corrupted altar of Lugonu.
 44043 | Elf:3    | Escaped the Abyss
 44108 | Elf:3    | Identified the +4 flail "Worm's Wrath" {flame, Fly Int-3
                  | SInv Stlth+}
 44126 | Elf:3    | Identified the +9 plate armour of a volcano {+Inv rElec
                  | rPois Str+3}
 44127 | Elf:3    | Identified the ring "Owuts" {rPois rC- Str+4 Int+3 Stlth+}
 44173 | Elf:3    | Got the Papyrus of Blows and Bruises
 44181 | Elf:3    | Identified the +0 plate armour of Sif Muna's Benevolence
                  | {rF+}
 44327 | Elf:3    | Got the Meditations on Translocated Clouds
 44345 | Elf:3    | Identified the ring "Geanuj" {AC+4 Str-2 Int+5 Stlth+}
 44352 | Elf:3    | Identified the +6 dagger "Cumpyw" {drain, rN+ Int-4 Dex+6}
 44356 | Elf:3    | Identified the +6 whip of Petest {vamp, rF+ rC+}
 44357 | Elf:3    | Identified the +7 chain mail of Sihitrie {Will+}
 44490 | Elf:3    | Paralysed by an air elemental for 1 turns
 44534 | Elf:3    | Found Jovubued's Assorted Antiques.
 45001 | Depths:1 | Entered Level 1 of the Depths
 45212 | Depths:1 | Found a one-way gate leading to the halls of Pandemonium.
 45382 | Depths:1 | Found a gateway to Hell.
 45528 | Depths:1 | Found a runed translucent gate.
 45529 | Depths:1 | Found a runed translucent gate.
 45530 | Depths:1 | Found a runed translucent gate.
 45532 | Depths:1 | Noticed Besoyti's ghost (adept GrFi)
 45557 | Depths:1 | Killed Besoyti's ghost
 45561 | Depths:1 | Reached skill level 23 in Armour
 45594 | Depths:1 | Reached XP level 24. HP: 257/257 MP: 6/29
 46398 | Depths:2 | Found a one-way gateway to a ziggurat.
 46509 | Depths:2 | Received a gift from Okawaru
 46771 | Depths:2 | Noticed Saint Roka
 46790 | Depths:2 | Killed Saint Roka
 47307 | Depths:2 | Identified the +1 pair of boots of Mysticism {rPois rC-
                  | Dex+6}
 47422 | Depths:2 | Reached skill level 24 in Armour
 47988 | Depths:2 | Received a gift from Okawaru
 48151 | Depths:3 | Paralysed by a sphinx for 3 turns
 48372 | Depths:3 | Paralysed by a sphinx for 5 turns
 48389 | Depths:3 | Reached XP level 25. HP: 156/265 MP: 12/29
 48617 | Depths:3 | Received a gift from Okawaru
 48621 | Depths:3 | Identified the +0 leather armour "Judek" {rC+ Int+3}
 48658 | Depths:3 | Paralysed by a sphinx for 3 turns
 48660 | Depths:3 | HP: 11/268 [constriction (4)]
 48664 | Depths:3 | Paralysed by a sphinx for 3 turns
 48883 | Depths:3 | Noticed a juggernaut
 48892 | Depths:3 | Killed a juggernaut
 49307 | Depths:3 | Gained mutation: You have hidden genetic defects. [a
                  | neqoxec]
 49506 | Depths:3 | Reached skill level 25 in Armour
 49706 | Depths:4 | Entered Level 4 of the Depths
 50175 | Depths:4 | Noticed a juggernaut
 50188 | Depths:4 | Killed a juggernaut
 50365 | Depths:4 | Identified the +7 plate armour of the Orb {+Inv rPois rC+
                  | Regen+} (Okawaru gifted it to you on level 4 of the Depths)
 50365 | Depths:4 | Received a gift from Okawaru
 50413 | Depths:4 | Found Laokloid's Armour Shop.
 50415 | Depths:4 | Found Senikhlarr's Book Shop.
 50415 | Depths:4 | Found Pomoz's Weapon Boutique.
 50420 | Depths:4 | Found Cicustas's Assorted Antiques.
 50428 | Depths:4 | Bought a scroll of teleportation for 93 gold pieces
 50428 | Depths:4 | Bought a potion of resistance for 310 gold pieces
 50501 | Depths:4 | Gained mutation: Your body often deteriorates upon taking
                  | damage. [hidden defects]
 50554 | Depths:4 | Found a runed translucent door.
 50554 | Depths:4 | Noticed Doitesyx's ghost (veteran MiBe)
 50614 | Depths:4 | Killed Doitesyx's ghost
 50771 | Depths:4 | Acquired 706 gold pieces
 51438 | Depths:4 | Found a gate to the Realm of Zot.
 51724 | Zot:1    | Entered Level 1 of the Realm of Zot
 52034 | Zot:1    | Gained mutation: You occasionally lose the ability to read
                  | scrolls when taking damage. [hidden defects]
 52034 | Zot:1    | Lost mutation: You have hidden genetic defects. [hidden
                  | defects expressed]
 52108 | Zot:1    | Reached skill level 26 in Armour
 52427 | Zot:1    | Found the +4 Cigotuvi's embrace {rMiasma Drain rN+}
 52865 | Zot:1    | Received a gift from Okawaru
 53417 | Zot:2    | Reached XP level 26. HP: 281/281 MP: 29/29
 54454 | Zot:3    | You fall into a shaft and drop 1 floor!
 54540 | Zot:4    | Noticed an orb of fire
 54561 | Zot:4    | Killed an orb of fire
 54840 | Zot:4    | Noticed an orb of fire
 54843 | Zot:4    | Gained mutation: You sometimes lose the ability to read
                  | scrolls when taking damage. [an orb of fire]
 54844 | Zot:4    | Gained mutation: You sometimes lose your temper in combat.
                  | [an orb of fire]
 54855 | Zot:4    | Killed an orb of fire
 54865 | Zot:4    | Reached skill level 27 in Armour
 54889 | Zot:4    | Acquired 447 gold pieces
 55440 | Zot:3    | Identified the +1 hat of the Valley of Death {Contam Str-2
                  | Int+9 SInv} (Okawaru gifted it to you on level 3 of the
                  | Realm of Zot)
 55440 | Zot:3    | Received a gift from Okawaru
 56598 | Zot:4    | Noticed Vv
 56612 | Zot:4    | Killed Vv
 57103 | Zot:4    | Identified the +6 long sword of Gallantry {flame, rF+}
 57638 | Slime:1  | Entered Level 1 of the Pits of Slime
 57638 | Slime:1  | You fall into a shaft and drop 1 floor!
 58114 | Slime:5  | Entered Level 5 of the Pits of Slime
 58118 | Slime:5  | Gained mutation: You do not regenerate when monsters are
                  | visible. [a shining eye]
 58118 | Slime:5  | Gained mutation: You occasionally shout uncontrollably at
                  | your foes. [a shining eye]
 58121 | Slime:5  | Gained mutation: Potions are less effective at restoring
                  | your health. [a shining eye]
 58128 | Slime:5  | Gained mutation: You occasionally lose the ability to drink
                  | potions when taking damage. [a shining eye]
 58142 | Slime:4  | Lost mutation: Potions are less effective at restoring your
                  | health. [potion of mutation]
 58142 | Slime:4  | Lost mutation: You sometimes lose your temper in combat.
                  | [potion of mutation]
 58142 | Slime:4  | Lost mutation: You occasionally lose the ability to drink
                  | potions when taking damage. [potion of mutation]
 58142 | Slime:4  | Gained mutation: You have an increased reservoir of magic.
                  | (+10% MP) [potion of mutation]
 58142 | Slime:4  | Gained mutation: You are weak. (Str -2) [potion of
                  | mutation]
 58142 | Slime:4  | Gained mutation: You have a pair of large horns on your
                  | head. [potion of mutation]
 58145 | Slime:4  | Lost mutation: Your body often deteriorates upon taking
                  | damage. [potion of mutation]
 58145 | Slime:4  | Lost mutation: Your body sometimes deteriorates upon taking
                  | damage. [potion of mutation]
 58145 | Slime:4  | Lost mutation: You have an increased reservoir of magic.
                  | (+10% MP) [potion of mutation]
 58145 | Slime:4  | Gained mutation: You are partially covered in iridescent
                  | scales. (AC +2) [potion of mutation]
 58145 | Slime:4  | Lost mutation: You occasionally shout uncontrollably at
                  | your foes. [potion of mutation]
 58145 | Slime:4  | Gained mutation: Your mind is acute. (Int +4, Str/Dex -1)
                  | [potion of mutation]
 58146 | Slime:4  | Lost mutation: You are partially covered in iridescent
                  | scales. (AC +2) [potion of mutation]
 58146 | Slime:4  | Lost mutation: You passively map a small area around you.
                  | [potion of mutation]
 58146 | Slime:4  | Lost mutation: You do not regenerate when monsters are
                  | visible. [potion of mutation]
 58146 | Slime:4  | Gained mutation: Your mind is very acute. (Int +8, Str/Dex
                  | -2) [potion of mutation]
 58146 | Slime:4  | Gained mutation: You sometimes lose your temper in combat.
                  | [potion of mutation]
 58146 | Slime:4  | Gained mutation: Your spells are a little harder to cast,
                  | but a little more powerful. [potion of mutation]
 58147 | Slime:4  | Lost mutation: You have a pair of large horns on your head.
                  | [potion of mutation]
 58147 | Slime:4  | Lost mutation: Your spells are a little harder to cast, but
                  | a little more powerful. [potion of mutation]
 58147 | Slime:4  | Gained mutation: You have sharp toenails. [potion of
                  | mutation]
 58212 | Slime:5  | Noticed the Royal Jelly
 58216 | Slime:5  | Lost mutation: You sometimes lose the ability to read
                  | scrolls when taking damage. [a shining eye]
 58228 | Slime:5  | Killed the Royal Jelly
 58357 | Slime:5  | Got a slimy rune of Zot
 58383 | Slime:5  | Identified the +4 great mace of Weje Senna {flame, Fly rC+}
 58446 | Slime:5  | Identified the +5 scimitar "Boyxilunt" {vorpal, Stlth+}
 58586 | Lair:4   | Lost mutation: You have sharp toenails. [potion of
                  | mutation]
 58586 | Lair:4   | Lost mutation: You are robust. (+10% HP) [potion of
                  | mutation]
 58586 | Lair:4   | Lost mutation: Your mind is very acute. (Int +8, Str/Dex
                  | -2) [potion of mutation]
 58586 | Lair:4   | Gained mutation: You are agile. (Dex +4, Str/Int -1)
                  | [potion of mutation]
 58586 | Lair:4   | Gained mutation: You have a somewhat thin skeletal
                  | structure. (Dex +2, Stealth+) [potion of mutation]
 58587 | Lair:4   | Lost mutation: You have a somewhat thin skeletal structure.
                  | (Dex +2, Stealth+) [potion of mutation]
 58587 | Lair:4   | Lost mutation: You are agile. (Dex +4, Str/Int -1) [potion
                  | of mutation]
 58587 | Lair:4   | Lost mutation: You are weak. (Str -2) [potion of mutation]
 58587 | Lair:4   | Gained mutation: Your muscles are strong. (Str +4, Int/Dex
                  | -1) [potion of mutation]
 58587 | Lair:4   | Gained mutation: You have hidden genetic defects. [potion
                  | of mutation]
 58588 | Lair:4   | Lost mutation: Your mind is acute. (Int +4, Str/Dex -1)
                  | [potion of mutation]
 58588 | Lair:4   | Lost mutation: Your muscles are strong. (Str +4, Int/Dex
                  | -1) [potion of mutation]
 58588 | Lair:4   | Lost mutation: You sometimes lose your temper in combat.
                  | [potion of mutation]
 58588 | Lair:4   | Gained mutation: Your mind is acute. (Int +4, Str/Dex -1)
                  | [potion of mutation]
 58588 | Lair:4   | Gained mutation: You are clumsy. (Dex -2) [potion of
                  | mutation]
 58588 | Lair:4   | Gained mutation: You are partially covered in iridescent
                  | scales. (AC +2) [potion of mutation]
 58589 | Lair:4   | Lost mutation: You occasionally lose the ability to read
                  | scrolls when taking damage. [potion of mutation]
 58589 | Lair:4   | Lost mutation: You have hidden genetic defects. [potion of
                  | mutation]
 58589 | Lair:4   | Lost mutation: Your mind is acute. (Int +4, Str/Dex -1)
                  | [potion of mutation]
 58589 | Lair:4   | Gained mutation: Your magical capacity is low. (-10% MP)
                  | [potion of mutation]
 58589 | Lair:4   | Gained mutation: Your muscles are strong. (Str +4, Int/Dex
                  | -1) [potion of mutation]
 58876 | Crypt:1  | Entered Level 1 of the Crypt
 59780 | Crypt:2  | Reached XP level 27. HP: 268/268 MP: 26/26
 59783 | Crypt:2  | Received a gift from Okawaru
 59885 | Crypt:2  | Paralysed by a vampire knight for 4 turns
 59911 | Crypt:2  | Noticed Grunn
 59925 | Crypt:2  | Killed Grunn
 60634 | Crypt:3  | Entered Level 3 of the Crypt
 60673 | Crypt:3  | Found a staircase to the Tomb.
 61186 | Crypt:3  | Noticed Jory
 61190 | Crypt:3  | Received a gift from Okawaru
 61222 | Crypt:3  | Found a basalt altar of Yredelemnul.
 61228 | Crypt:3  | Killed Jory
 61641 | Crypt:3  | Identified the ring "Hyuf" {rN+ Str+2 Int+5 Dex+4}
 61641 | Crypt:3  | Identified the ring "Hacys" {+Blink rElec rC++ rN+ Dex-3}
 61645 | Crypt:3  | Lost intelligence.
 61653 | Crypt:3  | Identified the +7 scimitar "Cofeb" {elec, rElec rN+}
 63067 | Zot:5    | Entered Level 5 of the Realm of Zot
 63589 | Zot:5    | Noticed a dread lich
 63600 | Zot:5    | Killed a dread lich
 63706 | Zot:5    | Noticed an orb of fire
 63713 | Zot:5    | Gained mutation: You are frail. (-10% HP) [an orb of fire]
 63722 | Zot:5    | Killed an orb of fire
 63723 | Zot:5    | Noticed a dread lich
 63727 | Zot:5    | Killed a dread lich
 63794 | Zot:5    | Noticed an orb of fire
 63811 | Zot:5    | Killed from afar by an orb of fire

Illustrated notes

Levels and vault maps discovered:
D:1:      dpeg_arrival_water_temple_mockup, layout_loops_ring,
          grunt_decor_mini_mirrors, minmay_worlds_worst_comb
D:2:      layout_loops_cross, basic_altar, corexii_corridor_pit
D:3:      layout_basic, elyvilon_altar_4, uniq_grinder, uniq_ijyb
D:4:      wad_river_or_something, layout_basic, kiku_gazebo_garden_becter,
          item_on_display_b
D:5:      layout_cave_pools
D:6:      layout_gridville, grunt_temple_overflow_champion_of_chaos, minitemple,
          minmay_temple_entry_antechambers
D:7:      layout_gridville, serial_shops, shop_coins
D:8:      layout_basic, uniq_erica
D:9:      layout_basic, grunt_lair_entry_orc_guard_hut, uniq_pikel
D:10:     layout_gridville, grunt_dithmenos_smoke, serial_shops, shop,
          eino_tiny_chamber, minmay_the_grid_2x2 [minmay_the_grid_outer_circle,
          minmay_the_grid_all_tris, minmay_the_grid_large_cup,
          minmay_the_grid_prize_four_corners_diamond_b]
D:11:     layout_loops_ring
D:12:     layout_gridville, orc_0_dummy, serial_shops, shop,
          nicolae_shop_hallway_plus, nicolae_shop_statue_plus,
          nicolae_shop_statue_plus, shop, nicolae_concentric_dashed_squares_mild
D:13:     layout_basic, david_vaults_5
D:14:     layout_gridville, nicolae_ru_sacrificial_ziggurat, uniq_jorgrun
D:15:     gammafunk_enter_depths_forms, layout_cave_pods,
          nicolae_kite_square_tiling_tiny, water_maze_lemuel
Temple:   hellmonk_temple_divided_pantheon
Lair:1:   layout_gridlike, serial_bayou_shore_b, uniq_maggie, uniq_nergalle
Lair:2:   layout_cave_pods, minmay_snake_entry_guardpost_medium,
          grunt_megastairs_2, uniq_urug, uniq_prince_ribbit2
Lair:3:   layout_cave_pods, shoals_dummy_entry, serial_forest,
          infiniplex_forest_side_room, infiniplex_forest_straight_1,
          infiniplex_forest_end_2, infiniplex_forest_lined_3,
          infiniplex_forest_end_double, infiniplex_forest_clump_small,
          hellmonk_guarded_unrand_seven_league_boots, grunt_megastairs_1
Lair:4:   layout_regular_city, minmay_slime_entry_pillars
Lair:5:   due_jungle_book, layout_regular_city
Shoals:1: layout_shoals, nicolae_shoals_pincushion_passage, uniq_frances
Shoals:2: layout_shoals, nicolae_shop_firing_range
Shoals:3: layout_shoals, nicolae_shoals_stone_sculpture_thing,
          nicolae_specific_store, nicolae_shoals_lost_giant_temple
Shoals:4: shoals_end_hangedman, layout_shoals,
          portal_ice_cave_entry_frozen_things, uniq_aizul
Snake:1:  nicolae_snake_shooting_gallery, layout_onion, grunt_ministairs_13,
          nicolae_snake_linked_coils, uniq_agnes, uniq_roxanne
Snake:2:  layout_chambers, nicolae_coiled_stairwell_down
Snake:3:  layout_grid_maze, gammafunk_ghost_abyssal_escape, minmay_shop_star,
          uniq_mlioglotl, uniq_asterion
Snake:4:  snake_pit, layout_cave_town, gammafunk_ghost_berserking_beasts,
          st_stairs_14
Slime:1:  layout_caves, nicolae_slime_ancient_tower_intersection
Slime:2:  layout_caves
Slime:3:  layout_caves
Slime:4:  layout_caves, amcnicky_altar_lugonu_corruption
Slime:5
Orc:1:    layout_diamond_mine, basic_altar, uniq_josephine, uniq_sonja,
          uniq_erolcha
Orc:2:    st_orc_open, layout_caves, basic_altar, serial_shops, shop,
          nicolae_shop_bloodbath_and_beyond, lightli_orcish_oven
Elf:1:    minmay_elf_arrival_plus, layout_geoelf_grid,
          hangedman_corner_corridor, serial_sigils_hangedman_scar
Elf:2:    elven_hall_of_blades_hangedman_alternative
          [nicolae_blade_entry_crossed_weapons], layout_onion_city,
          ebering_ghost_gozag, minivault_26
Elf:3:    grunt_elf_hall_branching, layout_onion_city, serial_shops, shop,
          nicolae_elf_free_trip_to_the_abyss
Vaults:1: nicolae_vaults_disjoint_gnomons, nicolae_vaults_three_branches,
          v_misc_17, nicolae_vaults_circle_grid_a, vaults_room_corners,
          vaults_dpeg_emergency_exit, v_pattern_4, ontoclasm_vaults_chip,
          layout_vaults_chaotic_city, serial_shops,
          nicolae_shop_overgrown_old_shop
Vaults:2: nicolae_vaults_diagonal_hallway_7,
          vaults_standard_mumra_enter_the_diamond, v_misc_14,
          gammafunk_the_bubble [the_bubble_gammafunk_roulette], v_misc_27,
          hangedman_vaults_maws, layout_vaults_omnigrid
Vaults:3: v_misc_18, nicolae_vaults_network_s,
          nicolae_vaults_windows_and_doors_thing, serial_ice_g,
          hangedman_vaults_cutoff, minmay_crypt_entry_simple_corners,
          v_pattern_3, vaults_room_fancy_cross, v_rooms_1, vaults_dpeg_spiral,
          nicolae_vaults_know_your_exits, layout_vaults_maze_bifur
Vaults:4: nicolae_vaults_little_squares_5, nicolae_vaults_what_the_h,
          ontoclasm_vaults_hangar, grunt_vaults_funnel,
          nicolae_vaults_holding_cells, nicolae_vaults_little_squares_6,
          nicolae_vaults_ninety_degrees, vaults_mumra_minichess_inversion,
          v_misc_28, v_misc_2, v_misc_13, vaults_dpeg_hooks,
          ontoclasm_vaults_ligature, nicolae_vaults_theta, nicolae_vaults_theta,
          v_alt_pattern_1, layout_vaults_omnibox, serial_shops,
          nicolae_shop_advertising_works [nicolae_subvault_shop_adworks]
Vaults:5: serial_shops, uniq_bai_suzhen, uniq_boris
Crypt:1:  layout_basic, minivault_25, hex_medium, serial_sigils_hangedman_quiver
Crypt:2:  layout_gridlike, grunt_ministairs_9, uniq_grunn, uniq_margery
Crypt:3:  church_of_pain_bobbens, layout_chaotic_city, minivault_24, uniq_jory
Depths:1: layout_basic, rand_demon_pan_entry_5, gammafunk_ghost_necromancy,
          hangedman_coc_ice_floe, minmay_misc_feat_diagonals, kennysheep_potato
Depths:2: minmay_cut_squares, layout_basic, enter_ziggurat_d, abyss_entry,
          pf_hell_entry_tar_spiral, grunt_pan_entry_in_and_out, uniq_saint_roka
Depths:3: minmay_central_circle, layout_gridville, amcnicky_mini_pool_small,
          hell_entry, rand_demon_pan_entry_1, hangedman_abyss_entry_splay
Depths:4: grunt_zot_entry_hairpin, layout_basic, hellmonk_ghost_happy_afterlife,
          grunt_hell_entry_dis_grunt, hangedman_abyss_or_decor_stabs,
          serial_bayou_shore_b, minmay_shoptagon, uniq_josephina
Zot:1:    layout_gridlike, grunt_ministairs_5, lemuel_baited_zot_trap,
          st_small_dragon_hoard_4, guppyfry_library_mini
Zot:2:    layout_concentric_octagons, grunt_ministairs_13
Zot:3:    layout_gridlike
Zot:4:    layout_cathedral_of_symmetry, grunt_megastairs_3, uniq_vv
Zot:5:    layout_gridlike, st_stairs_5

Skill      XL: |  1  2  3  4  5  6  7  8  9 10 11 12 13 14 15 16 17 18 19 20 21 22 23 24 25 26 27 |
---------------+----------------------------------------------------------------------------------+-----
Dodging        | 1 2 3 4 5 6 8 9 10 11 12 13 14 15 16 17 18 19 21 22 23 24 25 26 | 26.1
Shields        | 4 5 6 7 8 9 11 12 13 14 15 16 17 18 19 20 21 22 23 24 25 26 | 26.6
Armour         | 4 5 6 7 8 9 11 12 13 14 15 16 17 18 19 20 21 22 23 24 26 27 | 27.0
Fighting       | 4 5 6 7 8 9 11 12 13 14 15 16 17 18 19 20 21 22 23 24 25 26 | 26.6
Axes           | 3 4 5 6 8 9 10 12 13 14 15 16 17 18 19 20 21 22 23 24 25 26 | 26.5
Invocations    | 3 6 7 9 10 | 10.0

Action                   |  1- 3 |  4- 6 |  7- 9 | 10-12 | 13-15 | 16-18 | 19-21 | 22-24 | 25-27 || total
-------------------------+-------+-------+-------+-------+-------+-------+-------+-------+-------++-------
Melee: War axe           |    82 |    69 |   244 |   388 |  1000 |   336 |       |       |       ||  2119
       Headbutt          |     5 |     7 |    41 |    99 |   262 |   307 |   357 |   297 |   492 ||  1867
       Broad axe         |       |       |       |       |       |   813 |  1175 |   912 |  1486 ||  4386
Throw: Throwing net      |       |       |       |       |       |     1 |       |       |       ||     1
Invok: Finesse           |       |       |       |       |     1 |     1 |     2 |     2 |     1 ||     7
       Heroism           |       |       |       |       |       |       |     1 |     1 |     1 ||     3
  Use: Scroll            |     5 |     4 |     8 |    17 |     8 |     8 |     7 |    11 |     8 ||    76
       Potion            |       |       |       |     5 |     5 |     8 |    15 |    10 |    19 ||    62
 Stab: Invisible         |       |       |       |       |     6 |       |       |       |       ||     6
       Distracted        |       |       |       |       |       |       |       |       |     1 ||     1
Armor: Scale mail        |    35 |    33 |   123 |       |       |       |       |       |       ||   191
       Chain mail        |       |       |    33 |   116 |       |       |       |       |       ||   149
       Pearl dragon scal |       |       |       |   215 |   667 |   606 |   582 |   564 |   518 ||  3152
       Plate armour      |       |       |       |       |       |       |       |       |    98 ||    98
Dodge: Dodged            |    37 |    28 |   129 |   258 |   489 |   679 |   653 |   521 |   818 ||  3612
Block: Buckler           |    21 |     8 |    68 |   150 |   446 |   591 |   556 |   469 |   659 ||  2968

Table legend: (Time is in decaauts)
 A = Elapsed time spent in this place.
 B = Non-inter-level travel time spent in this place.
 C = Inter-level travel time spent in this place.
 D = Time resting spent in this place.
 E = Time spent auto-exploring this place.
 F = Levels seen in this place.
 G = Mean time per level.
                   A        B        C        D        E       F      G
               +--------+--------+--------+--------+--------+-----+--------+
         Total |  62836 |  58081 |   4755 |   1338 |  44055 |  62 | 1013.5 |
       Dungeon |  12885 |  11368 |   1517 |      8 |   8948 |  15 |  859.0 |
        Temple |     89 |     53 |     36 |      0 |      5 |   1 |   89.0 |
          Lair |   5178 |   4538 |    640 |     10 |   3555 |   5 | 1035.6 |
        Shoals |   4597 |   4464 |    133 |      0 |   3438 |   4 | 1149.2 |
     Snake Pit |   5868 |   5426 |    442 |     45 |   4398 |   4 | 1467.0 |
    Slime Pits |    907 |    907 |      0 |    416 |      2 |   5 |  181.4 |
  Orcish Mines |   1388 |    958 |    430 |      0 |    726 |   2 |  694.0 |
   Elven Halls |   3333 |   3130 |    203 |      0 |   2323 |   3 | 1111.0 |
        Vaults |  10004 |   9624 |    380 |    269 |   7378 |   5 | 2000.8 |
         Crypt |   3680 |   3566 |    114 |     58 |   2774 |   3 | 1226.7 |
        Depths |   6845 |   6355 |    490 |    275 |   4854 |   4 | 1711.2 |
           Zot |   6275 |   5910 |    365 |    100 |   4739 |   5 | 1255.0 |
         Abyss |   1065 |   1065 |      0 |     31 |    535 |   5 |  213.0 |
      Ice Cave |    716 |    716 |      0 |    125 |    377 |   1 |  716.0 |
               +--------+--------+--------+--------+--------+-----+--------+

Top non-repeatable levels by time:
Vaults:4: 2323 daAuts
Vaults:2: 2073 daAuts
 Crypt:3: 1946 daAuts
Depths:4: 1927 daAuts
Depths:2: 1904 daAuts
Vaults:1: 1893 daAuts
Vaults:5: 1887 daAuts
Vaults:3: 1827 daAuts
Depths:3: 1755 daAuts
   Zot:4: 1683 daAuts
 Snake:3: 1608 daAuts
 Snake:4: 1602 daAuts
   Zot:1: 1514 daAuts
 Snake:2: 1476 daAuts
    D:15: 1435 daAuts
